 Dungeon Crawl Stone Soup version 0.31-a0-236-g9a0961fb85 (webtiles) character file.

Game seed: 4205370683873373673

280 qw the Shooter (level 6, 0/51 HPs)
             Began as a Minotaur Hexslinger on July 10, 2023.
             Slain by an orc priest
             ... wielding a +0 hand axe
              (2 damage)
             ... on level 4 of the Dungeon.
             The game lasted 00:01:12 (2778 turns).

qw the Shooter (Minotaur Hexslinger)                Turns: 2778, Time: 00:01:12

Health: 0/51       AC: 10    Str: 13    XL:     6   Next: 5%
Magic:  6/6        EV: 11    Int: 10    God:
Gold:   178        SH:  5    Dex: 14    Spells: 6/7 levels left

rFire   . . .        Y - +1 sling
rCold   . . .        (no shield)
rNeg    . . .        d - +0 ring mail
rPois   .            (helmet restricted)
rElec   .            b - +2 cloak
rCorr   .            h - +0 pair of gloves
SInv    .            j - +0 pair of boots
Will    .....        e - amulet of reflection
Stlth   +            (no ring)
HPRegen 0.28/turn    (no ring)
MPRegen 0.10/turn

%: reflection
@: no status effects
A: horns 2, retaliatory headbutt
a: no special abilities


You were on level 4 of the Dungeon.
You visited 1 branch of the dungeon, and saw 4 of its levels.

You collected 178 gold pieces.


Innate Abilities, Weirdness & Mutations

You have a pair of horns on your head.
You reflexively headbutt those who attack you in melee.


   Skills:
 - Level 3.4 Fighting
 - Level 6.1 Ranged Weapons
 + Level 1.1 Armour
 - Level 2.1 Dodging
 - Level 1.0 Spellcasting
 - Level 2.0 Hexes


You had 6 spell levels left.
You knew the following spells:

 Your Spells              Type           Power      Damage    Failure   Level
a - Slow                  Hex            16%        N/A       32%         1

Your spell library contained the following spells:

 Spells                   Type           Power      Damage    Failure   Level
 Inner Flame              Hex/Fire       2%         N/A       82%         3
 Portal Projectile        Hex/Tloc       4%         N/A       82%         3
 Cause Fear               Hex            2%         N/A       97%         4

Inventory:

Hand Weapons
 Y - a +1 sling (weapon)
Armour
 b - a +2 cloak (worn)
 d - a +0 ring mail (worn)
 h - a +0 pair of gloves (worn)
 j - a +0 pair of boots (worn)
Jewellery
 c - a ring of fire
 e - an amulet of reflection (around neck)
Scrolls
 g - a scroll of identify
Potions
 a - a potion of enlightenment {unknown}
 f - a potion of attraction {unknown}
 i - a potion of might {unknown}
 l - a potion of lignification {unknown}

Dungeon Overview and Level Annotations

Branches:
Dungeon (4/15)
 Temple: D:4-7

Altars:
Qazlal

Shops:
D:1 (

Annotations:
D:3 3 runed translucent doors, qw's ghost, amateur GrHs; qw's ghost, amateur MiHs


Message History

The orc priest is heavily wounded.
The orc wizard mumbles some strange words.
The orc wizard flickers and vanishes!
Deactivating autopickup; reactivate with Ctrl-A.
The orc priest closely misses you.
The orc priest hits you with a +0 hand axe.
Something completely misses you.
You shoot a sling bullet.
The sling bullet hits the orc priest but does no damage.
The orc priest is moderately wounded.
Something completely misses you.
The orc priest hits you with a +0 hand axe.
You shoot a sling bullet.
The sling bullet hits the orc priest but does no damage.
The orc priest is moderately wounded.
You block the orc priest's attack. Something hits you.
You shoot a sling bullet.
The sling bullet completely misses the orc priest.
The sling bullet hits the endoplasm.
The endoplasm is heavily wounded.
You block the orc priest's attack. Something hits you but does no damage.
You shoot a sling bullet. The sling bullet hits the orc priest.
The orc priest is heavily wounded.
Something hits you but does no damage. The orc priest misses you.
The orc priest hits you with a +0 hand axe.
Something hits you but does no damage.
You shoot a sling bullet.
The sling bullet hits the orc priest but does no damage.
The orc priest is heavily wounded.
The endoplasm hits you but does no damage.
The orc priest hits you but does no damage.
Something hits you.
You shoot a sling bullet.
The sling bullet hits the orc priest but does no damage.
The orc priest is heavily wounded.
The orc priest misses you. The endoplasm hits you. Something hits you.
You shoot a sling bullet.
The sling bullet barely misses the orc priest.
The orc priest hits you with a +0 hand axe.
You die...

.# ..# #..# #####
##...#
##....######.....#
#.....J.........#
......{@.......#
......o##.<...##
....... #####..#
....... .# .......
. ....... .......
.......


You could see an orc priest and an endoplasm.

Vanquished Creatures
  A sky beast (D:3)
  A jelly (D:4)
  An orc priest (D:3)
  Jessica (D:3)
  An adder (D:2)
  An ufetubus (D:3)
  A worm (D:2)
  2 dart slugs (D:3)
  9 orcs
  6 endoplasms
  2 giant cockroaches
  4 goblins (D:1)
  7 hobgoblins
  4 jackals (D:2)
  6 kobolds
  A quokka (D:3)
  4 ball pythons
  6 bats
  7 frilled lizards
  4 rats
69 creatures vanquished.

Notes
Turn   | Place    | Note
-------+----------+-------------------------------------------
     0 | D:1      | qw the Minotaur Hexslinger began the quest for the Orb.
     0 | D:1      | Reached XP level 1. HP: 16/16 MP: 1/1
     0 | D:1      | 0 ||| qw: Version: 0.3-a-52-g30416fa
     0 | D:1      | 0 ||| qw: Game counter: 4849
     0 | D:1      | 0 ||| qw: Melee chars always use a shield: true
     0 | D:1      | 0 ||| qw: God list: Okawaru
     0 | D:1      | 0 ||| qw: Allow faded altars: false
     0 | D:1      | 0 ||| qw: Do Orc after clearing Dungeon:15 true
     0 | D:1      | 0 ||| qw: Do second Lair branch before Depths: true
     0 | D:1      | 0 ||| qw: Lair rune preference: random
     0 | D:1      | 0 ||| qw: Goals: Normal
     0 | D:1      | 0 ||| PLANNING D:1-11
    65 | D:1      | Reached skill level 3 in Ranged Weapons
    71 | D:1      | Reached XP level 2. HP: 23/23 MP: 2/2
   136 | D:1      | Found Nytz's Weapon Emporium.
   401 | D:1      | 401 ||| UPGRADING to +0 ring mail.
   411 | D:1      | 411 ||| DROPPING +0 robe.
   412 | D:1      | 412 ||| UPGRADING to +0 pair of boots.
   417 | D:1      | 417 ||| UPGRADING to amulet of reflection.
   422 | D:1      | 422 ||| READING scroll labelled SOYJOA TOTE.
   423 | D:1      | 423 ||| READING scroll labelled LOAJOY ETAZIH.
   424 | D:1      | 424 ||| READING scroll labelled IMEJICKER RIYPSI.
   425 | D:1      | 425 ||| READING scroll labelled NUEVVIOSAR.
   469 | D:1      | 469 ||| DROPPING scroll of poison.
   709 | D:2      | Reached XP level 3. HP: 29/29 MP: 3/3
   736 | D:2      | Found a faded altar of an unknown god.
  1016 | D:2      | Reached skill level 4 in Ranged Weapons
  1195 | D:2      | Reached skill level 1 in Armour
  1353 | D:2      | 1353 ||| UPGRADING to +2 cloak.
  1358 | D:2      | 1358 ||| UPGRADING to +0 pair of gloves.
  1363 | D:2      | 1363 ||| READING scroll labelled JAEGUUF ITTA.
  1464 | D:2      | 1464 ||| READING 2 scrolls labelled ZOYRCH HYEDIANO.
  1465 | D:2      | 1465 ||| READING scroll labelled XIRAQO ZU DUYD.
  1662 | D:3      | Reached XP level 4. HP: 36/36 MP: 4/4
  1694 | D:3      | Identified the +4 quarterstaff of Shame {freeze, rF+ Dex+3
                  | SInv}
  1752 | D:3      | Found a stormy altar of Qazlal.
  1752 | D:3      | Noticed a sky beast
  1774 | D:3      | HP: 8/36 [something (5)]
  1775 | D:3      | Killed a sky beast
  1776 | D:3      | Reached skill level 5 in Ranged Weapons
  1776 | D:3      | Reached XP level 5. HP: 10/41 MP: 5/5
  1788 | D:3      | 1788 ||| FLEEEEING.
  1789 | D:3      | 1789 ||| FLEEEEING.
  1792 | D:3      | 1792 ||| FLEEEEING.
  1793 | D:3      | 1793 ||| FLEEEEING.
  1794 | D:3      | 1794 ||| FLEEEEING.
  1795 | D:3      | 1795 ||| FLEEEEING.
  1796 | D:3      | 1796 ||| FLEEEEING.
  1797 | D:3      | 1797 ||| FLEEEEING.
  1809 | D:3      | 1809 ||| FLEEEEING.
  1810 | D:3      | 1810 ||| FLEEEEING.
  1811 | D:3      | 1811 ||| FLEEEEING.
  1812 | D:3      | 1812 ||| FLEEEEING.
  1813 | D:3      | 1813 ||| FLEEEEING.
  1814 | D:3      | 1814 ||| FLEEEEING.
  1815 | D:3      | 1815 ||| FLEEEEING.
  1816 | D:3      | 1816 ||| FLEEEEING.
  1817 | D:3      | 1817 ||| FLEEEEING.
  1818 | D:3      | 1818 ||| FLEEEEING.
  1819 | D:3      | 1819 ||| FLEEEEING.
  1820 | D:3      | 1820 ||| FLEEEEING.
  1821 | D:3      | 1821 ||| FLEEEEING.
  1822 | D:3      | 1822 ||| FLEEEEING.
  1823 | D:3      | 1823 ||| FLEEEEING.
  1824 | D:3      | 1824 ||| FLEEEEING.
  1825 | D:3      | 1825 ||| FLEEEEING.
  1826 | D:3      | 1826 ||| FLEEEEING.
  1827 | D:3      | 1827 ||| FLEEEEING.
  1828 | D:3      | 1828 ||| FLEEEEING.
  1829 | D:3      | 1829 ||| FLEEEEING.
  1830 | D:3      | 1830 ||| FLEEEEING.
  1831 | D:3      | 1831 ||| FLEEEEING.
  1832 | D:3      | 1832 ||| FLEEEEING.
  1836 | D:3      | 1836 ||| FLEEEEING.
  1837 | D:3      | 1837 ||| FLEEEEING.
  1838 | D:3      | 1838 ||| FLEEEEING.
  1839 | D:3      | 1839 ||| FLEEEEING.
  1840 | D:3      | 1840 ||| FLEEEEING.
  1841 | D:3      | 1841 ||| STAIRDANCE
  1893 | D:2      | 1893 ||| READING scroll labelled FICA MI BUOPH.
  1894 | D:2      | 1894 ||| READING scroll labelled GOFOIS DOBBA.
  1895 | D:2      | 1895 ||| READING scroll labelled EFUHOA KYJOU.
  1961 | D:3      | Found a runed translucent gate.
  1961 | D:3      | Found a runed translucent gate.
  1961 | D:3      | Found a runed translucent gate.
  1966 | D:3      | Noticed qw's ghost (amateur MiHs)
  1966 | D:3      | Noticed qw's ghost (amateur GrHs)
  2133 | D:3      | Noticed Jessica
  2137 | D:3      | Killed Jessica
  2138 | D:3      | Reached skill level 3 in Fighting
  2743 | D:4      | Reached skill level 6 in Ranged Weapons
  2743 | D:4      | Reached XP level 6. HP: 51/51 MP: 6/6
  2771 | D:4      | HP: 12/51 [orc priest/+0 hand axe (4)]
  2776 | D:4      | HP: 6/51 [something (1)]
  2777 | D:4      | HP: 2/51 [something (2)]
  2778 | D:4      | Slain by an orc priest

Levels and vault maps discovered:
D:1:      wander_arrival_lonely_grave, layout_rooms, serial_shops, shop
D:2:      layout_basic, serial_corexii_hall, corexii_hall_statues_l,
          corexii_hall_statues_i, shapermc_ecumenical_altar_gd
D:3:      minmay_chambers_of_twos, layout_basic,
          nicolae_qazlal_beasts_of_the_sky, gammafunk_ghost_cemetery,
          uniq_jessica
D:4:      layout_layer_cave, minmay_mini_ossuary

Skill      XL: |  1  2  3  4  5 |
---------------+----------------+-----
Ranged Weapons | 3 4 5 6 |  6.1
Fighting       | 2 3 |  3.4
Armour         | 1 |  1.1
Dodging        | |  2.1
Spellcasting   | |  1.0
Hexes          | |  2.0

Action                     |  1- 3 |  4- 6 || total
---------------------------+-------+-------++-------
   Fire: Sling             |   132 |   112 ||   244
    Use: Scroll            |     7 |     3 ||    10
 Armour: Robe              |     2 |       ||     2
         Ring mail         |    21 |    55 ||    76
  Dodge: Dodged            |    28 |    20 ||    48
  Block: Other             |    10 |    12 ||    22
         Reflection        |     1 |       ||     1

Table legend:
 A = Non-vault XP
 B = Vault XP
 C = Vault XP percentage of total XP
 D = Non-vault monster count
 E = Vault monster count
 F = Vault count percentage of total count
                 A         B        C        D         E       F
            +---------+---------+-------+---------+---------+-------
      Total |     208 |     192 |  48.0 |      59 |      10 |  14.5
            +---------+---------+-------+---------+---------+-------
        D:1 |      21 |       0 |   0.0 |      13 |       0 |   0.0
        D:2 |      56 |       0 |   0.0 |      26 |       0 |   0.0
        D:3 |      80 |     192 |  70.6 |      17 |      10 |  37.0
        D:4 |      51 |       0 |   0.0 |       3 |       0 |   0.0
            +---------+---------+-------+---------+---------+-------
